 Dungeon Crawl Stone Soup version 0.19.5 (webtiles) character file.

2609 McKennaii the Carver (level 9, -3/68 HPs)
             Began as a Demonspawn Abyssal Knight on Apr 28, 2017.
             Was an Elder of Lugonu.
             Engulfed by a steam dragon's steam (12 damage)
             ... on level 7 of the Dungeon.
             The game lasted 00:22:33 (7632 turns).

McKennaii the Carver (Demonspawn Abyssal Knight)    Turns: 7632, Time: 00:22:34

Health: -3/68      AC: 11    Str: 20    XL:     9   Next: 34%
Magic:  10/10      EV:  3    Int: 19    God:    Lugonu [****..]
Gold:   553        SH: 12    Dex: 15    Spells: 0 memorised, 8 levels left

rFire  x . .     SeeInvis .     a - +1 falchion
rCold  + . .     Gourm    .     I - +0 plate armour
rNeg   . . .     Faith    .     K - +0 large shield
rPois  .         Spirit   .     (helmet restricted)
rElec  .         Reflect  .     (no cloak)
rCorr  .         Harm     .     w - +0 pair of gloves
MR     .....                    (no boots)
Stlth  ..........               (no amulet)
                                B - ring "Ykolio" {Ice *Corrode Str+6 Int+6}
                                i - ring of stealth

@: no status effects
A: horns 1, thin metallic scales 1, deformed body, demonic guardian 1, powered
by death 1
a: Depart the Abyss, Bend Space, Banish, Corrupt, Renounce Religion


You were on level 7 of the Dungeon.
You worshipped Lugonu.
Lugonu was greatly pleased with you.
You were hungry.

You visited 1 branch of the dungeon, and saw 7 of its levels.
You visited the Abyss 1 time.

You collected 553 gold pieces.

Inventory:

Hand Weapons
 a - a +1 falchion (weapon)
 s - the +4 morningstar of Vyrphe {freeze, rPois rF+ rN++}
   (You found it on level 7 of the Dungeon)

   It has been specially enchanted to freeze those struck by it, causing extra
   injury to most foes and up to half again as much damage against particularly
   susceptible opponents.
   It can also slow down cold-blooded creatures.
   It protects you from fire.
   It protects you from poison.
   It greatly protects you from negative energy.
 G - the +8 spear "Goblinslayer" {pierce, *Contam Int+4}
   (You found it on level 6 of the Dungeon)

   It inflicts extra damage upon your enemies.
   It affects your intelligence (+4).
   It causes magical contamination when unequipped.
Armour
 w - a +0 pair of gloves (worn)
 I - a +0 plate armour (worn)
 K - a +0 large shield (worn)
Jewellery
 i - a ring of stealth (left hand)
 u - an uncursed ring of ice
 v - an uncursed ring of stealth
 B - the ring "Ykolio" (right hand) {Ice *Corrode Str+6 Int+6}
   (You found it on level 5 of the Dungeon)

   [ring of ice]

   It enhances your ice magic.
   It affects your strength (+6).
   It affects your intelligence (+6).
   It makes you vulnerable to fire.
   It protects you from cold.
   It may corrode you when you take damage.
Wands
 k - a wand of flame (24/48)
 m - a wand of acid (5/15)
 p - a wand of slowing (18/48)
 D - a wand of acid (9/15)
 J - a wand of flame (15/48)
Scrolls
 b - a scroll of enchant weapon {unknown}
 g - a scroll of noise {unknown}
 h - 4 scrolls of identify
 n - 7 scrolls of remove curse
 o - 3 scrolls of enchant armour {unknown}
 q - 4 scrolls of immolation {unknown}
 y - 2 scrolls of fear
 A - 2 scrolls of teleportation
 C - 2 scrolls of recharging {unknown}
 H - a scroll of random uselessness {unknown}
Potions
 e - a potion of agility {unknown}
 f - 2 potions of curing
 j - 2 potions of ambrosia {unknown}
 l - 2 potions of brilliance {unknown}
 r - 5 potions of mutation {unknown}
 t - 3 potions of cancellation {unknown}
 x - 2 potions of magic {unknown}
 z - a potion of haste {unknown}
Books
 F - a book of Necromancy

   Spells                             Type                      Level
   a - Pain                           Necromancy                   1
   b - Animate Skeleton               Necromancy                   1
   c - Vampiric Draining              Necromancy                   3
   d - Regeneration                   Charms/Necromancy            3
   e - Animate Dead                   Necromancy                   4
   f - Control Undead                 Necromancy                   4
Comestibles
 c - 4 bread rations
 d - 3 meat rations
 E - a slice of pizza
 L - 3 chunks of flesh


   Skills:
 + Level 5.5 Fighting
 + Level 8.1 Long Blades
 + Level 6.0 Armour
 + Level 3.1 Dodging
 + Level 3.0 Stealth
 + Level 1.0 Shields
 + Level 2.5 Invocations


You had 8 spell levels left.
You didn't know any spells.

Dungeon Overview and Level Annotations

Branches:
Dungeon (7/15)             Temple (0/1) D:5

Altars:
Dithmenos
Nemelex Xobeh
Okawaru
Sif Muna
Vehumet
Yredelemnul
Zin

Shops:
D:7 }


Innate Abilities, Weirdness & Mutations

You have a pair of small horns on your head.
You are partially covered in thin metallic scales. (AC +2)
A weak demonic guardian rushes to your aid.
You regenerate a little health from kills.
Armour fits poorly on your strangely shaped body.


Message History

You see here a worker ant corpse. 2 steam dragons come into view.
The steam dragon hisses angrily.
The steam dragon breathes steam at you.
The ball of steam hits the fungus.
The ball of steam hits you! The steam scalds you terribly!
Found a scroll of remove curse.
You see here a worker ant corpse.
You butcher the worker ant corpse.
You see here 3 chunks of flesh.
L - 3 chunks of flesh You swap places.
The steam dragon bites your white imp. The steam dragon claws your white imp.
Your white imp dies!
The ogre shouts!
The steam dragon breathes steam at you. The ball of steam hits you!
The steam scalds you terribly!
* * * LOW HITPOINT WARNING * * *
You are engulfed in a cloud of scalding steam.
You die...

#..# #<#
#..# ##∩##
#..#
####...#####
#..#
#....O.....#
#..#
#.##...###.#
#...
#.#.....#
###.#..§§.#
......§.§.#
....#.§@§.#
###.#..§..#
###§#.#
#§#.# #
#.###D#.##.#
#..........#
#.###.#.####
#.#.# #.#.#


You could see an ogre.

Vanquished Creatures
  Pikel (D:4)
  The ghost of CALLOUS the Conjurer, a novice NaCj (D:7)
  Duvessa (D:4)
  An orc warrior (D:6)
  An ice beast (D:6)
  2 slaves (D:5)
  A big kobold (D:7)
  A bullfrog (D:6)
  Dowan (D:4)
  A scorpion (D:4)
  3 crimson imps
  2 bullfrog zombies (D:6)
  A quasit (D:5)
  4 hounds
  2 jellies
  4 orc priests
  2 bullfrog skeletons
  2 iguanas
  2 worker ants
  Natasha (twice) (D:3)
  6 orc wizards
  A killer bee zombie (D:6)
  A hound zombie (D:5)
  A hound skeleton (D:6)
  A worker ant zombie (D:7)
  Robin (D:2)
  4 gnolls (D:4)
  3 adders
  2 shadow imps
  An ooze (D:4)
  2 adder skeletons (D:4)
  An adder zombie (D:6)
  3 worms
  A dart slug (D:1)
  2 leopard geckos
  22 orcs
  4 giant cockroaches
  7 hobgoblins
  11 jackals
  2 quokkas
  9 bats
  5 frilled lizards
  12 goblins
  2 jackal skeletons
  A jackal zombie (D:3)
  10 kobolds
  A leopard gecko skeleton (D:6)
  A quokka zombie (D:6)
  7 rats
159 creatures vanquished.

Vanquished Creatures (collateral kills)
  Joseph (D:7)
  The ghost of letownia the Grave Robber, an amateur DDNe (D:4)
  Menkaure (D:5)
  An ogre (D:5)
  A hound (D:4)
  An orc wizard (D:7)
  Natasha (D:3)
  2 worker ants
  A shadow imp (D:5)
  3 orcs
  5 goblins
  A hobgoblin (D:2)
  A frilled lizard (D:3)
20 creatures vanquished.

Vanquished Creatures (others)
  A slave (D:5)
1 creature vanquished.

Grand Total: 180 creatures vanquished

Notes
Turn   | Place    | Note
-------+----------+-------------------------------------------
     0 | Abyss:1  | McKennaii the Demonspawn Abyssal Knight began the quest for the Orb.
     0 | Abyss:1  | Reached XP level 1. HP: 18/18 MP: 2/2
    11 | Abyss:1  | Found a sacrificial altar of Ru.
    29 | Abyss:2  | Found a corrupted altar of Lugonu.
    47 | Abyss:2  | Found a corrupted altar of Lugonu.
   113 | Abyss:4  | Noticed an efreet
   124 | Abyss:4  | Noticed a freezing wraith
   149 | D:1      | Escaped the Abyss
   608 | D:1      | Reached skill level 2 in Long Blades
   626 | D:1      | Gained mutation: A weak demonic guardian rushes to your aid. [demonic ancestry]
   626 | D:1      | Reached XP level 2. HP: 22/24 MP: 3/3
   789 | D:1      | Reached * piety under Lugonu
   973 | D:1      | Reached XP level 3. HP: 15/29 MP: 4/4
  1504 | D:2      | Reached skill level 1 in Dodging
  1523 | D:2      | Found a glowing silver altar of Zin.
  1533 | D:2      | Noticed Robin
  1846 | D:2      | Gained mutation: You are partially covered in thin metallic scales. (AC +2) [demonic ancestry]
  1846 | D:2      | Reached XP level 4. HP: 33/36 MP: 5/5
  1942 | D:2      | Killed Robin
  1942 | D:2      | Reached skill level 3 in Long Blades
  2295 | D:3      | Reached ** piety under Lugonu
  2357 | D:3      | Reached XP level 5. HP: 24/42 MP: 6/6
  2407 | D:3      | Found a basalt altar of Yredelemnul.
  2523 | D:3      | Noticed Natasha
  2531 | D:3      | Killed Natasha
  2574 | D:3      | Noticed Natasha
  2586 | D:3      | Killed Natasha
  2669 | D:3      | Noticed Natasha
  2687 | D:3      | Killed Natasha
  2962 | D:4      | Reached XP level 6. HP: 35/48 MP: 7/7
  2969 | D:4      | Found a sparkling altar of Nemelex Xobeh.
  3060 | D:4      | Reached skill level 4 in Long Blades
  3135 | D:4      | Noticed letownia's ghost (amateur DDNe)
  3159 | D:4      | Killed letownia's ghost
  3165 | D:4      | Reached *** piety under Lugonu
  3400 | D:4      | Noticed Dowan
  3407 | D:4      | Noticed Duvessa
  3420 | D:4      | Killed Duvessa
  3420 | D:4      | Reached skill level 1 in Stealth
  3686 | D:4      | Killed Dowan
  3686 | D:4      | Gained mutation: You regenerate a little health from kills. [demonic ancestry]
  3686 | D:4      | Reached XP level 7. HP: 39/54 MP: 8/8
  4048 | D:5      | Entered Level 5 of the Dungeon
  4312 | D:5      | Reached skill level 5 in Long Blades
  4510 | D:5      | Got a slimy copper ring
  4514 | D:5      | Identified the ring "Ykolio" {Ice *Corrode Str+6 Int+6} (You found it on level 5 of the Dungeon)
  4526 | D:5      | Found a staircase to the Ecumenical Temple.
  4554 | D:5      | Noticed Pikel
  4771 | D:4      | Killed Pikel
  4771 | D:4      | Gained mutation: You have a pair of small horns on your head. [demonic ancestry]
  4771 | D:4      | Reached XP level 8. HP: 49/61 MP: 9/9
  4888 | D:5      | Found a shadowy altar of Dithmenos.
  4914 | D:5      | Found a deep blue altar of Sif Muna.
  4915 | D:5      | Found an iron altar of Okawaru.
  4986 | D:5      | Found a radiant altar of Vehumet.
  5026 | D:5      | Reached skill level 6 in Long Blades
  5071 | D:5      | Noticed Menkaure
  5097 | D:5      | Killed Menkaure
  5968 | D:6      | Reached skill level 5 in Armour
  6343 | D:6      | Reached skill level 5 in Fighting
  6545 | D:6      | Got an encrusted spear
  6546 | D:6      | Identified the +8 spear "Goblinslayer" {pierce, *Contam Int+4} (You found it on level 6 of the Dungeon)
  6606 | D:6      | Gained mutation: Armour fits poorly on your strangely shaped body. [mutagenic glow]
  6849 | D:7      | Reached **** piety under Lugonu
  6875 | D:6      | Reached skill level 7 in Long Blades
  7034 | D:7      | Got a twisted morningstar
  7035 | D:7      | Identified the +4 morningstar of Vyrphe {freeze, rPois rF+ rN++} (You found it on level 7 of the Dungeon)
  7127 | D:7      | Noticed CALLOUS's ghost (novice NaCj)
  7151 | D:7      | Killed CALLOUS's ghost
  7151 | D:7      | Reached XP level 9. HP: 39/68 MP: 10/10
  7370 | D:7      | Noticed Joseph
  7580 | D:7      | Killed Joseph
  7580 | D:7      | Reached skill level 8 in Long Blades
  7580 | D:7      | Reached skill level 1 in Shields
  7592 | D:7      | Found Osiesap's Gadget Emporium.
  7632 | D:7      | Engulfed by a steam dragon's steam

Skill      XL: |  1  2  3  4  5  6  7  8  9 |
---------------+----------------------------+-----
Long Blades    | 2 3 4 5 7 8 |  8.1
Armour         | 2 3 4 5 6 |  6.0
Dodging        | 1 2 3 |  3.1
Fighting       | 4 5 |  5.5
Stealth        | 1 2 3 |  3.0
Shields        | 1 |  1.0
Invocations    | |  2.5

Action                   |  1- 3 |  4- 6 |  7- 9 || total
-------------------------+-------+-------+-------++-------
Melee: Falchion          |   123 |   235 |   358 ||   716
       Headbutt          |       |       |    64 ||    64
Invok: Depart the Abyss  |     1 |       |       ||     1
  Use: Scroll            |     7 |     1 |     1 ||     9
 Stab: Sleeping          |     3 |     1 |     1 ||     5
       Distracted        |       |     1 |     3 ||     4
  Eat: Chunk             |     3 |     6 |     8 ||    17
       Meat ration       |       |       |     1 ||     1
Armor: Leather armour    |    30 |       |       ||    30
       Scale mail        |    21 |   110 |   134 ||   265
       Plate armour      |       |       |    77 ||    77
Dodge: Dodged            |    87 |   114 |   173 ||   374
Block: Large shield      |       |       |    45 ||    45
       Rpst.: Falchion   |    29 |    31 |    46 ||   106
